 Dungeon Crawl Stone Soup version 0.29-a0-464-g50448035db (webtiles) character file.

Game seed: 3031673842948579360

35434 27snakeeyes612 the Fighter (level 13, 0/122 HPs)
             Began as a Minotaur Berserker on May 21, 2022.
             Was the Champion of Trog.
             Slain by a death yak (16 damage)
             ... on level 5 of the Lair of Beasts.
             The game lasted 00:20:18 (21119 turns).

27snakeeyes612 the Fighter (Minotaur Berserker)    Turns: 21119, Time: 00:20:19

Health: 0/122      AC: 25    Str: 36    XL:     13   Next: 47%
Magic:  12/12      EV: 12    Int:  4    God:    Trog [******]
Gold:   774        SH:  0    Dex: 10    Spells: 12/12 levels left

rFire   . . .      SeeInvis .   A - +10 morningstar of the Skies Above {holy, Contam rN+ Str+3 Stlth+}
rCold   . . .      Faith    +   (no shield)
rNeg    + . .      Spirit   .   J - +0 plate armour
rPois   .          Reflect  .   (helmet restricted)
rElec   .          Harm     .   U - +0 cloak
rCorr   .          Rampage  .   n - +1 pair of gloves
Will    .....                   s - +0 pair of boots
Stlth   ..........              u - amulet of faith
HPRegen 0.30/turn               e - +6 ring of strength
MPRegen 0.13/turn               k - +4 ring of protection

@: no status effects
A: horns 2, retaliatory headbutt
a: Renounce Religion, Berserk, Trog's Hand, Brothers in Arms


You were on level 5 of the Lair of Beasts.
You worshipped Trog.
Trog was exalted by your worship.
You visited 2 branches of the dungeon, and saw 19 of its levels.

You collected 924 gold pieces.
You spent 150 gold pieces at shops.

Inventory:

Hand Weapons
 a - a +0 hand axe
 A - the +10 morningstar of the Skies Above (weapon) {holy, Contam rN+ Str+3 Stlth+}
   (You found it on level 4 of the Dungeon)

   It has been blessed by the Shining One to cause great damage to the undead
   and demons.
   Str:       It affects your strength (+3).
   rN:        It protects you from negative energy.
   Contam:    It causes magical contamination when unequipped.
   Stlth:     It makes you more stealthy.
 D - the +8 broad axe of Fate {vorpal, rPois}
   (You took it off an orc on level 5 of the Dungeon)

   It inflicts extra damage upon your enemies.
   rPois:     It protects you from poison.
 K - a +3 antimagic broad axe
Missiles
 o - 2 silver javelins (quivered)
 q - 5 throwing nets
Armour
 b - a +0 animal skin
 c - a +0 chain mail
 n - a +1 pair of gloves (worn)
 s - a +0 pair of boots (worn)
 J - a +0 plate armour (worn)
 U - a +0 cloak (worn)
 X - a +0 tower shield
Jewellery
 e - a +6 ring of strength (left hand)
 k - a +4 ring of protection (right hand)
 l - a ring of positive energy
 u - an amulet of faith (around neck)
 x - a ring of resist corrosion
 y - a ring of ice
 M - a ring of positive energy
 N - an amulet of magic regeneration
 Q - a ring of magical power
 S - a ring of willpower
 T - a ring of see invisible
 W - an amulet of the acrobat
Wands
 C - a wand of digging (10)
 F - a wand of iceblast (10)
 I - a wand of mindburst (7)
 R - a wand of polymorph (6)
Scrolls
 f - 6 scrolls of teleportation
 g - 5 scrolls of amnesia
 m - 2 scrolls of fear
 r - 2 scrolls of poison
 t - 4 scrolls of blinking
 E - a scroll of magic mapping
 L - 2 scrolls of enchant armour
 P - 3 scrolls of fog
Potions
 d - 2 potions of cancellation
 h - 2 potions of mutation
 i - 4 potions of flight
 j - 4 potions of might
 p - 5 potions of curing
 v - 3 potions of attraction
 w - a potion of haste
 z - 4 potions of lignification
 B - 6 potions of heal wounds
 G - a potion of brilliance {unknown}
 H - a potion of berserk rage
 O - a potion of invisibility {unknown}


   Skills:
 + Level 13.1 Fighting
 - Level 5.0(9.3) Axes
 + Level 12.1(12.5) Maces & Flails
 + Level 10.5 Throwing
 + Level 12.9 Armour
 + Level 11.8 Dodging


You had 12 spell levels left.
You didn't know any spells.
Your spell library was empty.

Dungeon Overview and Level Annotations

Branches:
Dungeon (13/15)            Temple (0/1) D:6            Lair (6/6) D:8
 Shoals (0/4) Lair:4       Spider (0/4) Lair:4          Orc (0/2) D:12
  Slime: Lair:5-6    Vaults: D:13-14

Altars:
Ashenzari
Okawaru
Trog

Shops:
D:4 :   D:5 [   D:6 =   D:12 [

Annotations:
D:3 2 runed translucent doors, Bruhh's ghost, novice DjIE
Lair:1 1 runed translucent door, confidenceinterval's ghost, journeyman TeCj
Lair:3 2 transporters, Iriod's ghost, journeyman VSBr


Innate Abilities, Weirdness & Mutations

You have a pair of horns on your head.
You reflexively headbutt those who attack you in melee.


Message History

You kill the death yak!
Trog accepts your kill. The death yak attacks as you move away!
The death yak gores you! The death yak gores you!!
* * * LOW HITPOINT WARNING * * *
The death yak attacks as you move away! The death yak barely misses you.
The death yak attacks as you move away!
The death yak gores you but does no damage.
There is a stone staircase leading up here.
The death yak gores you but does no damage.
The death yak gores you.
* * * LOW HITPOINT WARNING * * *
You climb upwards.
There is a stone staircase leading down here.
You beat the death yak like a drum!!!
You headbutt the death yak.
You punch the death yak, but do no damage.
The death yak is heavily wounded.
The death yak closely misses you.
The death yak gores you but does no damage.
You sock the death yak!
The death yak is severely wounded.
The death yak gores you but does no damage.
The death yak gores you.
* * * LOW HITPOINT WARNING * * *
You puncture the death yak! Your headbutt misses the death yak.
The death yak is almost dead.
The death yak gores you.
* * * LOW HITPOINT WARNING * * *
The death yak gores you but does no damage.
You perforate the death yak like a sieve!!!
You kill the death yak!
Trog accepts your kill. The death yak barely misses you.
You furiously retaliate!
You headbutt the death yak, but do no damage.
The death yak gores you.
* * * LOW HITPOINT WARNING * * *
You bludgeon the death yak!! You headbutt the death yak!
The death yak is moderately wounded.
The death yak gores you!
You die...

...# #.............# # .P####
#...........### ### ...#.#
##...........# ##.# ....###
##..........# ##.#. ......#
#..........## #.... ......#
##..........# ##... ##....##
#...>.....P#######.... #.#...##
##....Y..[.## #........
####)..###.##..@.....# #.......#
#......###P.......###P.......
#.#....##........###.....#.##
###....#.#P.....#.##....####
#.......P.......##......#
######.#............#...###.####
##.#P#####..........#...#######..
.....P.##..............P##PP.#...
.......................P#P.......


You could see a death yak.

Vanquished Creatures
  Erica (D:11)
  4 two-headed ogres
  9 death yaks
  Sonja (Lair:4)
  A cyclops (D:11)
  A manticore (D:12)
  A gargoyle (D:12)
  3 kobold demonologists
  7 cane toads
  2 unseen horrors
  6 komodo dragons
  2 rime drakes
  A meliai (Lair:4)
  A polar bear (Lair:2)
  10 blink frogs
  5 dream sheep
  4 wraiths
  4 wyverns
  A vampire (D:12)
  2 humans (D:11)
  27 yaks
  4 vampire mosquitoes (D:11)
  Grum (D:5)
  2 basilisks (Lair:5)
  9 water moccasins
  8 orc warriors
  An ice beast (D:7)
  5 black bears
  2 ogres
  36 wolves
  3 phantoms
  14 centaurs
  3 kobold brigands
  11 bullfrogs
  3 gnoll sergeants
  2 scorpions
  3 necrophages
  5 wights (D:8)
  20 killer bees
  An electric eel (Lair:4)
  9 howler monkeys
  11 hounds
  2 jellies
  A gnoll shaman (D:5)
  7 orc priests
  5 iguanas
  13 orc wizards
  4 adders
  22 gnolls
  2 shadow imps
  2 white imps (D:7)
  3 ufetubi
  3 worms
  3 dart slugs
  41 orcs
  9 bats
  7 endoplasms
  4 giant cockroaches
  10 goblins
  12 hobgoblins
  4 jackals (D:2)
  7 kobolds
  6 quokkas
  10 ball pythons
  4 frilled lizards (D:1)
  5 rats
432 creatures vanquished.

Vanquished Creatures (others)
  19 fungi
  18 plants
37 creatures vanquished.

Grand Total: 469 creatures vanquished

Notes
Turn   | Place    | Note
-------+----------+-------------------------------------------
     0 | D:1      | 27snakeeyes612 the Minotaur Berserker began the quest for
                  | the Orb.
     0 | D:1      | Reached XP level 1. HP: 19/19 MP: 0/0
   194 | D:1      | Reached XP level 2. HP: 16/27 MP: 1/1
   390 | D:1      | Reached skill level 4 in Fighting
   567 | D:1      | Reached XP level 3. HP: 33/33 MP: 2/2
   740 | D:1      | Reached ** piety under Trog
  1436 | D:2      | Reached XP level 4. HP: 39/41 MP: 3/3
  1465 | D:2      | Found a faded altar of an unknown god.
  2148 | D:3      | Found a large runed translucent door.
  2148 | D:3      | Found a large runed translucent door.
  2330 | D:3      | Reached *** piety under Trog
  2567 | D:3      | Reached XP level 5. HP: 47/47 MP: 4/4
  2569 | D:3      | Reached skill level 1 in Throwing
  2693 | D:3      | Noticed Bruhh's ghost (novice DjIE)
  2796 | D:4      | Noticed a phantom
  2815 | D:4      | Killed a phantom
  2895 | D:4      | Reached skill level 5 in Fighting
  2901 | D:4      | Reached skill level 5 in Axes
  2901 | D:4      | Reached XP level 6. HP: 31/56 MP: 5/5
  3059 | D:4      | Found Ysadeex's Book Boutique.
  3771 | D:4      | Identified the +10 morningstar of the Skies Above {holy,
                  | Contam rN+ Str+3 Stlth+}
  3877 | D:5      | Entered Level 5 of the Dungeon
  4032 | D:5      | Reached skill level 1 in Maces & Flails
  4044 | D:5      | Reached XP level 7. HP: 56/61 MP: 6/6
  4046 | D:5      | Identified the +8 broad axe of Fate {vorpal, rPois}
  4055 | D:5      | Reached **** piety under Trog
  4337 | D:5      | Reached skill level 5 in Armour
  4468 | D:5      | Noticed Grum
  4473 | D:5      | Killed Grum
  4474 | D:5      | Reached skill level 6 in Fighting
  4718 | D:5      | Found a broken altar of Ashenzari.
  4725 | D:5      | Reached skill level 5 in Dodging
  4752 | D:5      | Reached XP level 8. HP: 65/70 MP: 7/7
  5448 | D:5      | Found Ehorphysi's Armour Shoppe.
  5517 | D:6      | Found a staircase to the Ecumenical Temple.
  5756 | D:6      | Reached skill level 7 in Fighting
  6106 | D:6      | Found Romaodemp's Jewellery Emporium.
  6470 | D:7      | Reached skill level 5 in Maces & Flails
  6470 | D:7      | Reached XP level 9. HP: 79/79 MP: 8/8
  6613 | D:6      | Reached ***** piety under Trog
  6965 | D:7      | Reached skill level 5 in Throwing
  7076 | D:7      | Noticed a two-headed ogre
  7347 | D:7      | Killed a two-headed ogre
  7348 | D:7      | Reached skill level 8 in Fighting
  7754 | D:8      | Reached XP level 10. HP: 75/90 MP: 9/9
  7917 | D:8      | Received a gift from Trog
  8096 | D:8      | Reached skill level 9 in Fighting
  8139 | D:8      | Found a staircase to the Lair.
  8437 | D:9      | Noticed a two-headed ogre
  8447 | D:9      | Killed a two-headed ogre
  9147 | D:9      | Noticed a two-headed ogre
  9153 | D:9      | Killed a two-headed ogre
  9990 | D:10     | Entered Level 10 of the Dungeon
 10219 | D:10     | Reached skill level 10 in Fighting
 10219 | D:10     | Reached XP level 11. HP: 99/99 MP: 10/10
 10686 | D:11     | Noticed Erica
 10692 | D:11     | Killed Erica
 10694 | D:11     | Noticed a skeletal warrior
 10694 | D:11     | Noticed a skeletal warrior
 10704 | D:11     | Noticed a skeletal warrior
 10715 | D:11     | HP: 4/99 [poisoned by a skeletal warrior]
 11113 | D:11     | Found an iron altar of Okawaru.
 11385 | D:11     | Reached skill level 10 in Armour
 12050 | D:12     | Noticed a two-headed ogre
 12064 | D:12     | Killed a two-headed ogre
 12440 | D:12     | Found Biazalov's Antique Armour Emporium.
 12444 | D:12     | Bought a pair of runed gloves for 150 gold pieces
 12517 | D:12     | Found a faded altar of an unknown god.
 12731 | D:12     | Reached skill level 11 in Fighting
 12962 | D:12     | Received a gift from Trog
 13086 | D:12     | Found a staircase to the Orcish Mines.
 13214 | D:12     | Noticed a soul eater
 13223 | D:12     | Noticed a sixfirhy
 13223 | D:12     | Noticed a soul eater
 13557 | Lair:1   | Entered Level 1 of the Lair of Beasts
 14022 | Lair:1   | Reached skill level 10 in Dodging
 14022 | Lair:1   | Reached XP level 12. HP: 110/110 MP: 11/11
 14154 | Lair:1   | Found a runed translucent door.
 14154 | Lair:1   | Noticed confidenceinterval's ghost (journeyman TeCj)
 14272 | Lair:1   | Reached skill level 10 in Maces & Flails
 15156 | Lair:2   | Noticed a death yak
 15495 | Lair:2   | Reached ****** piety under Trog
 15799 | Lair:2   | Killed a death yak
 15799 | Lair:2   | Received a gift from Trog
 15816 | Lair:2   | Reached skill level 12 in Fighting
 17999 | Lair:3   | Identified the +8 rapier of Eternal Night {flame, rPois}
 18256 | Lair:3   | Noticed Iriod's ghost (journeyman VSBr)
 18258 | Lair:3   | Found a bloodstained altar of Trog.
 18263 | Lair:3   | Found a transporter.
 18271 | Lair:3   | Found a transporter.
 18441 | Lair:4   | Found a staircase to the Shoals.
 18543 | Lair:4   | Noticed Sonja
 18549 | Lair:4   | Killed Sonja
 18739 | Lair:4   | Found a hole to the Spider Nest.
 19179 | Lair:4   | Reached XP level 13. HP: 112/119 MP: 12/12
 19551 | Lair:4   | Received a gift from Trog
 19552 | Lair:4   | Reached skill level 10 in Throwing
 20374 | Lair:5   | Reached skill level 13 in Fighting
 21090 | Lair:6   | Entered Level 6 of the Lair of Beasts
 21119 | Lair:5   | Slain by a death yak

Illustrated notes

Levels and vault maps discovered:
D:1:      dpeg_arrival_radiant, layout_basic, minmay_misc_feat_alley,
          minmay_pentomino_x4
D:2:      layout_basic, shapermc_ecumenical_altar_totnotflames
D:3:      layout_loops_ring, ebering_ghost_disaster_area, solitary_fountain,
          amcnicky_mini_pool_small
D:4:      layout_cave_pods, serial_shops, nicolae_shop_stone
D:5:      layout_cave_pools, ashenzari_conservatory_becter, serial_gnoll_camp,
          gnoll_camp_mini_shop, gnoll_camp_mini_loothouse, grums_kennel,
          gnoll_camp_mini_house, grunt_ministairs_3, minivault_25
D:6:      layout_rooms, temple_fountains, serial_shops, nicolae_stop_n_shop_2
D:7:      layout_loops_ring, minmay_bent
D:8:      layout_cave_pools, grunt_lair_entry_orc_guard_hut
D:9:      layout_roguey
D:10:     layout_irregular_city
D:11:     layout_loops_ring, okawaru_humans, uniq_erica
D:12:     layout_stronghold, david_orc_4, serial_shops, kennysheep_mini,
          serial_column_ruins, column_ruins_hut, column_ruins_temple_circle,
          column_ruins_columns_straight, column_ruins_open_medium,
          column_ruins_columns_corner, column_ruins_open_small
D:13:     layout_loops_cross
Lair:1:   layout_cave_pods, gammafunk_ghost_grave, lemuel_fruit_fields
Lair:2:   layout_cave_pods, gauntlet_entry_generic,
          grunt_forest_large_clearings, infiniplex_staircase_pool_2,
          grunt_megastairs_5
Lair:3:   layout_loops_ring, gammafunk_ghost_wrathful_warriors
Lair:4:   layout_regular_city, elwin_shoals_entry_rocks,
          hellmonk_spider_entry_not_the_bees, infiniplex_staircase_pool,
          uniq_sonja
Lair:5:   layout_hall_layers
Lair:6:   minmay_lair_end_enchanted_forest, layout_gridlike,
          minmay_slime_entry_pillars, uniq_rupert

Skill      XL: |  1  2  3  4  5  6  7  8  9 10 11 12 13 |
---------------+----------------------------------------+-----
Fighting       | 4 5 6 7 8 10 11 12 13 | 13.1
Axes           | 4 5 |  5.0
Armour         | 3 4 5 6 8 9 11 12 | 12.9
Dodging        | 3 4 5 6 7 8 10 11 | 11.8
Throwing       | 1 2 3 4 6 7 8 9 10 | 10.5
Maces & Flails | 1 3 5 6 8 9 11 12 | 12.1

Action                   |  1- 3 |  4- 6 |  7- 9 | 10-12 | 13-15 || total
-------------------------+-------+-------+-------+-------+-------++-------
Melee: Hand axe          |    94 |   141 |       |       |       ||   235
       Headbutt          |    13 |    27 |    24 |    92 |    24 ||   180
       Punch             |     1 |     3 |     3 |     5 |     2 ||    14
       Morningstar       |       |    23 |   186 |   506 |    99 ||   814
Throw: Javelin           |       |       |     1 |       |       ||     1
Invok: Berserk           |       |       |     1 |       |     2 ||     3
       Trog's Hand       |       |       |       |     1 |       ||     1
  Use: Scroll            |       |       |     9 |    16 |     2 ||    27
       Potion            |       |       |       |     1 |       ||     1
Armor: Animal skin       |     6 |       |       |       |       ||     6
       Chain mail        |    41 |    75 |   123 |       |       ||   239
       Plate armour      |       |       |       |   485 |    73 ||   558
Dodge: Dodged            |    56 |    65 |   127 |   449 |    57 ||   754

Table legend: (Time is in decaauts)
 A = Elapsed time spent in this place.
 B = Non-inter-level travel time spent in this place.
 C = Inter-level travel time spent in this place.
 D = Time resting spent in this place.
 E = Time spent auto-exploring this place.
 F = Levels seen in this place.
 G = Mean time per level.
                   A        B        C        D        E       F      G
               +--------+--------+--------+--------+--------+-----+--------+
         Total |  21239 |  19974 |   1265 |   3276 |  14087 |  19 | 1117.8 |
       Dungeon |  14114 |  13085 |   1029 |   1981 |   9213 |  13 | 1085.7 |
          Lair |   7125 |   6890 |    235 |   1295 |   4874 |   6 | 1187.5 |
               +--------+--------+--------+--------+--------+-----+--------+

Top non-repeatable levels by time:
  Lair:4: 1739 daAuts
     D:9: 1667 daAuts
  Lair:2: 1654 daAuts
     D:5: 1615 daAuts
    D:12: 1470 daAuts
  Lair:3: 1390 daAuts
  Lair:1: 1382 daAuts
     D:1: 1366 daAuts
     D:6: 1329 daAuts
     D:4: 1264 daAuts
     D:7: 1029 daAuts
    D:10: 975 daAuts
    D:11: 952 daAuts
  Lair:5: 935 daAuts
     D:2: 827 daAuts
